 Dungeon Crawl Stone Soup version 0.30-a0-830-gfe289a77b0 (webtiles) character file.

Game seed: 3213856906344526681

82828 lunkers the Warrior (level 16, 0/151 HPs)
             Began as a Meteoran Fighter on Feb 15, 2023.
             Was the Champion of Kikubaaqudgha.
             Hit by a javelin thrown by a merfolk javelineer (17 damage)
             ... on level 3 of the Shoals on Feb 28, 2023.
             The game lasted 00:51:20 (11449 turns).

lunkers the Warrior (Meteoran Fighter)             Turns: 11449, Time: 00:51:20

Health: 0/151      AC: 19    Str: 22    XL:     16   Next: 73%
Magic:  16/23      EV: 29    Int: 11    God:    Kikubaaqudgha [******]
Gold:   887        SH: 16    Dex: 27    Spells: 7/23 levels left

rFire   x . .      SeeInvis .    b - +4 double sword (pain)
rCold   + + .      Faith    .    Q - +2 kite shield {rC+}
rNeg    + . .      Spirit   .    D - +5 Cigotuvi's embrace {Corpsefed rMiasma Drain rN+}
rPois   .          Reflect  .    n - +0 helmet
rElec   .          Harm     .    P - +1 cloak
rCorr   .          Rampage  .    J - +0 pair of fencer's gloves {Riposte Dex+3}
Will    ++...                    V - +2 pair of boots of a bailey {Str+4 Dex+3}
Stlth   +                        r - amulet of the acrobat
HPRegen 0.45/turn                x - +5 ring of evasion
MPRegen 0.18/turn                l - ring of ice

@: lethally poisoned (0 -> -5), death channelling, animating dead, glowing,
studying Fighting
A: sense surroundings 2, otherworldly, glowing, explore regen
a: Renounce Religion, Unearth Wretches, Torment


You were on level 3 of the Shoals.
You worshipped Kikubaaqudgha.
Kikubaaqudgha was exalted by your worship.
You visited 4 branches of the dungeon, and saw 24 of its levels.
You also visited: Ice Cave.

You collected 1927 gold pieces.
You spent 1040 gold pieces at shops.

Inventory:

Hand Weapons
 a - a +1 short sword of draining
 b - a +4 double sword of pain (weapon)
Missiles
 m - 6 throwing nets
Armour
 n - a +0 helmet (worn)
 o - +0 fire dragon scales
 D - the +5 Cigotuvi's embrace (worn) {Corpsefed rMiasma Drain rN+}
   (You took it off an orc wizard on level 9 of the Dungeon)

   Corpsefed: It gathers nearby corpses to temporarily increase the armour it
   provides.
   rMiasma:   It protects you from foul pestilence.
   rN:        It protects you from negative energy.
   Drain:     It drains your maximum health when unequipped.
 G - a +3 troll leather armour {Snorg}
 H - a +0 hat of stealth
 I - a +2 pair of boots of rampaging
 J - the +0 pair of fencer's gloves (worn) {Riposte Dex+3}
   (You found it on level 3 of the Lair of Beasts)

   Riposte:   It allows the wearer to riposte with melee weapons, swiftly
   retaliating against missed or blocked melee attacks.
   Dex:       It affects your dexterity (+3).
 P - a +1 cloak (worn)
 Q - a +2 kite shield of cold resistance (worn)
 V - the +2 pair of boots of a bailey (worn) {Str+4 Dex+3}
   (You found it in an ice cave)

   Str:       It affects your strength (+4).
   Dex:       It affects your dexterity (+3).
Jewellery
 l - a ring of ice (right hand)
 p - an amulet of faith
 r - an amulet of the acrobat (around neck)
 x - a +5 ring of evasion (left hand)
 F - a +6 ring of strength
Wands
 j - a wand of paralysis (13)
 w - a wand of iceblast (2)
 B - a wand of polymorph (7)
 K - a wand of flame (5)
 N - a wand of digging (6)
 T - a wand of mindburst (1)
Scrolls
 f - 2 scrolls of blinking
 t - 4 scrolls of enchant armour
 u - a scroll of silence
 z - a scroll of poison
 A - 2 scrolls of amnesia
 E - 2 scrolls of magic mapping
 O - a scroll of fear
 R - 2 scrolls of brand weapon
Potions
 d - 4 potions of brilliance
 e - 3 potions of mutation
 g - 4 potions of flight
 h - a potion of ambrosia
 i - 6 potions of heal wounds
 k - 2 potions of invisibility
 q - a potion of lignification
 s - a potion of resistance
 v - 3 potions of magic
 L - 2 potions of might
 M - 3 potions of attraction
 S - a potion of cancellation {unknown}
 U - a potion of haste {unknown}
Miscellaneous
 C - a box of beasts
 W - a lightning rod (4/4)


   Skills:
 + Level 16.2 Fighting
 - Level 8.0(12.0) Short Blades
 - Level 15.1(16.0) Long Blades
 - Level 13.6 Armour
 - Level 14.1 Dodging
 * Level 9.2 Shields
 - Level 4.0 Spellcasting
 - Level 14.3 Necromancy
 - Level 3.0 Evocations


You had 7 spell levels left.
You knew the following spells:

 Your Spells              Type           Power      Damage    Failure   Level
b - Animate Dead          Necr           33%        N/A       1%          4
c - Dispel Undead         Necr           33%        3d14      1%          4
d - Cigotuvi's Dreadful   Necr/Pois/Air  24%        N/A       13%         2
e - Death Channel         Necr           16%        N/A       26%         6

Your spell library contained the following spells:

 Spells                   Type           Power      Damage    Failure   Level
 Necrotise                Necr           100%       1d9       1%          1
 Sublimation of Blood     Necr           33%        N/A       1%          2
 Agony                    Necr           33%        N/A       4%          5
 Anguish                  Hex/Necr       8%         N/A       32%         4
 Beastly Appendage        Tmut           4%         N/A       52%         1
 Freeze                   Ice            12%        1d3       52%         1
 Magic Dart               Conj           8%         1d3       52%         1
 Call Imp                 Summ           2%         N/A       67%         2
 Poisonous Vapours        Pois/Air       4%         N/A       67%         2
 Searing Ray              Conj           4%         2d4       67%         2
 Wereblood                Tmut           2%         N/A       67%         2
 Borgnjor's Vile Clutch   Necr/Erth      8%         N/A       67%         5
 Frozen Ramparts          Ice            6%         1d1       88%         3
 Hailstorm                Conj/Ice       3%         3d3       88%         3
 Mephitic Cloud           Conj/Pois/Air  2%         N/A       88%         3
 Spider Form              Tmut/Pois      2%         N/A       88%         3
 Stone Arrow              Conj/Erth      4%         3d7       88%         3
 Animate Armour           Summ/Erth      4%         N/A       99%         4
 Fulminant Prism          Conj/Hex       1%         3d5       99%         4
 Simulacrum               Ice/Necr       13%        N/A       99%         6
 Fireball                 Conj/Fire      1%         3d3       100%        5
 Freezing Cloud           Conj/Ice/Air   1%         6-21      100%        5
 Iskenderun's Battlesphe  Conj           2%         2d6       100%        5
 Conjure Ball Lightning   Conj/Air       1%         3x3d6     100%        6
 Orb of Destruction       Conj           1%         9d5       100%        7
 Discord                  Hex            1%         N/A       100%        8
 Disjunction              Tloc           1%         N/A       100%        8
 Lehudib's Crystal Spear  Conj/Erth      1%         10d2      100%        8
 Polar Vortex             Ice            1%         N/A       100%        9


Dungeon Overview and Level Annotations

Branches:
Dungeon (14/15) Zot: 963   Temple (1/1) D:6 Zot: 310    Lair (5/5) D:9 Zot: 306
 Shoals (4/4) Lair:3 Zot: 2046   Slime (0/5) Lair:4        IceCv (visited)
  Snake: Lair:2-3    Spider: Lair:2-3       Orc: D:9-12      Vaults: D:13-14

Altars:
Ashenzari
Cheibriados
Dithmenos
Elyvilon
Fedhas
Gozag
Hepliaklqana
Kikubaaqudgha
Makhleb
Nemelex Xobeh
Okawaru
Qazlal
Ru
Sif Muna
Trog
Uskayaw
Vehumet
Wu Jian
Xom
Yredelemnul
Zin
The Shining One
Jiyva

Shops:
D:3 (   D:9 =   D:10 !::[

Portals:
Trove: D:12 (give horn of Geryon)

Annotations:
Lair:3 Rupert
Lair:4 exclusion: 2 oklob plants


Innate Abilities, Weirdness & Mutations

You passively map the area around you.
You are easily found by Zot.
You glow in the dark.
You regain HP and MP as you explore.


Message History

Your spectral sea snake completely misses the merfolk impaler.
You are too injured to fight recklessly!
You feel sick.
The merfolk javelineer completely misses you.
The merfolk impaler completely misses you.
Your spectral merfolk misses the merfolk impaler.
Your merfolk zombie hits the merfolk javelineer!
Your spectral sea snake closely misses the merfolk impaler.
The merfolk impaler completely misses you.
You riposte.
You completely miss the merfolk impaler.
The merfolk impaler is lightly wounded.
The merfolk impaler completely misses you.
Things that are here:
a +0 trident; a +0 robe You miss the merfolk impaler.
The merfolk impaler is lightly wounded.
You feel sick.
You block the merfolk javelineer's attack.
Your spectral merfolk barely misses the merfolk impaler.
The merfolk impaler hits you with a +0 trident.
* * * LOW HITPOINT WARNING * * *
The merfolk impaler hits you from afar with a +2 trident of venom!
* * * LOW HITPOINT WARNING * * *
You are more poisoned.
Your merfolk zombie hits the merfolk javelineer!
Your spectral sea snake bites the merfolk impaler!
Your spectral sea snake drains the merfolk impaler.
You slash the merfolk impaler!
The merfolk impaler writhes in agony!
The merfolk impaler is almost dead.
You feel sick. You block the merfolk impaler's attack.
You riposte.
You slice the merfolk impaler!!
You kill the merfolk impaler!
Kikubaaqudgha accepts your kill.
The dead are walking!
A glowing mist starts to gather...
The merfolk impaler misses you.
The merfolk javelineer throws a javelin.
The javelin pierces through you!
You die...
Kikubaaqudgha rasps: "You have failed me!
Welcome... death!"

~~~~~~~~≈≈≈~~~~.........
,, ~
~~~~~~~~≈≈≈~~...........,
~~≈≈≈~~~≈≈~~.Z........?.
,
~≈≈≈≈≈≈~~~~...##).######
,
~~~≈~~~~.~....#...≈≈...#,
~~ ~
...~~~........#.).≈≈..$.,
~
)..~~~~~......#)Z####...
, ~~,
~..~~)~)).Z...#.ZZm....#,
~ ~
...~~~........#Z@).....#,
~ ,
.#.~~~...~.####ZZ#m.#..#,
....~....~....#Z≈#≈≈# ≈#
, ~ .......#......#≈≈#≈≈#
..~~..####...~#### ## , ,
~ ~~~..## #..~~~~ , , ,
~~~..# #.~~~~~ ,, ~
≈~~~.# * .~~~~~~~ , ~~ ~
~~~~~. *, ~≈≈ ~ , ~ ~ ~


You could see a merfolk impaler, a merfolk javelineer (ally target), a friendly
spectral sea snake, a friendly spectral merfolk, 2 friendly spectral merfolk
impalers, a friendly sea snake zombie, a friendly merfolk zombie and a friendly
merfolk impaler zombie.

Vanquished Creatures
  Jorgrun (D:12)
  Gastronok (D:12)
  Kirke (D:12)
  2 frost giants (IceCv)
  A white draconian (IceCv)
  A fire dragon (Lair:5)
  2 merfolk javelineers
  3 merfolk impalers
  2 merfolk avatars (Shoals:3)
  A vault guard (D:12)
  A catoblepas (D:13)
  A centaur warrior (D:14)
  3 boulder beetles
  5 ironbound frosthearts (IceCv)
  2 hydras (Lair:5)
  An alligator snapping turtle (Shoals:3)
  2 two-headed ogres
  A tengu warrior (D:14)
  Sonja (D:12)
  2 skysharks
  2 sea snakes (Shoals:3)
  2 harpies (Lair:3)
  Pikel (D:4)
  2 lindwurms (Lair:5)
  2 deep elf pyromancers (D:13)
  4 manticores
  3 fauns (Shoals:3)
  10 ugly things
  A merfolk siren (Shoals:3)
  4 black mambas
  A water nymph (Shoals:1)
  2 cane toads
  4 torpor snails
  An ice statue (Shoals:3)
  14 rime drakes
  5 komodo dragons
  The ghost of themarg the Sneak, a novice OpVM of Sif Muna (D:4)
  21 polar bears
  6 hornets
  2 trolls
  6 merfolk
  Grinder (D:4)
  2 tyrant leeches (Lair:5)
  3 raiju (Lair:5)
  16 blink frogs
  A snapping turtle (Shoals:3)
  Sigmund (D:4)
  2 vampires
  2 wraiths (D:10)
  2 wyverns
  29 yaks
  2 water elementals (Shoals:3)
  A hog (D:12)
  5 basilisks
  2 steam dragons
  4 vampire mosquitoes (D:14)
  2 acid dragons
  4 wargs (Lair:5)
  10 water moccasins
  13 hell hounds (Lair:5)
  4 ice beasts
  2 orc warriors (D:11)
  2 sky beasts
  9 black bears (Lair:5)
  6 centaurs
  18 wolves
  6 ogres (D:10)
  A lemure (D:3)
  A phantom (D:7)
  2 kobold brigands (D:10)
  6 bullfrogs
  A gnoll sergeant (D:6)
  4 scorpions
  17 wights
  5 killer bees (D:10)
  2 howler monkeys (D:10)
  2 jellies
  2 orc priests (D:8)
  A gnoll bouda (D:7)
  4 iguanas
  8 orc wizards
  16 gnolls
  6 adders
  3 ufetubi
  3 worms
  2 dart slugs
  30 orcs
  7 ball pythons
  2 endoplasms
  5 giant cockroaches
  9 goblins
  2 hobgoblins
  10 kobolds
  3 quokkas
  2 bats
  2 frilled lizards
  2 rats
  3 tentacles (Shoals:3)
440 creatures vanquished.

Vanquished Creatures (collateral kills)
  A kraken (Shoals:3)
  Snorg (D:10)
  A merfolk impaler (Shoals:3)
  2 hydras
  A merfolk aquamancer (Shoals:3)
  A death yak (Lair:4)
  Urug (Lair:4)
  Lodul (D:10)
  A faun (Shoals:3)
  3 torpor snails (Lair:5)
  2 cane toads (Lair:4)
  3 rime drakes (IceCv)
  A komodo dragon (Lair:5)
  2 wind drakes
  4 merfolk (Shoals:3)
  A hornet (Lair:5)
  3 polar bears
  4 blink frogs
  A snapping turtle (Shoals:2)
  A water elemental (Shoals:3)
  4 yaks
  2 wyverns
  2 water moccasins (Lair:2)
  A hell hound (Lair:5)
  2 black bears (Lair:5)
  5 wolves
  A gnoll (D:4)
  3 kobolds (D:10)
55 creatures vanquished.

Vanquished Creatures (others)
  A kraken zombie (Shoals:3)
  A sea snake (Shoals:3)
  A harpy (Shoals:3)
  A sea snake zombie (Shoals:3)
  2 harpy zombies
  A merfolk zombie (Shoals:3)
  A black mamba zombie (Lair:5)
  A water elemental (Shoals:3)
  A human (D:12)
  3 blink frog zombies (Lair:5)
  A hornet zombie (Lair:5)
  A hog zombie (D:12)
  A rime drake zombie (Lair:5)
  A torpor snail zombie (Lair:4)
  7 hell hound zombies (Lair:5)
  3 water moccasin zombies
  3 warg zombies (Lair:5)
  5 yak zombies
  A polar bear zombie (Lair:5)
  7 wolf zombies
  A bullfrog zombie (Lair:4)
  A black bear zombie (Lair:5)
  An orc wizard (D:12)
  A gnoll (D:4)
  3 orcs (D:12)
  19 fungi
  90 plants
  19 tentacles (Shoals:3)
178 creatures vanquished.

Grand Total: 673 creatures vanquished

Notes
Turn   | Place    | Note
-------+----------+-------------------------------------------
     0 | D:1      | lunkers the Meteoran Fighter began the quest for the Orb.
     0 | D:1      | Reached XP level 1. HP: 19/19 MP: 2/2
    54 | D:1      | Reached XP level 2. HP: 26/26 MP: 3/3
   259 | D:1      | Reached XP level 3. HP: 31/31 MP: 4/4
   393 | D:2      | Reached XP level 4. HP: 19/38 MP: 5/5
   397 | D:2      | Reached skill level 5 in Long Blades
   684 | D:3      | Found Nenkur's Weapon Emporium.
   717 | D:3      | Reached XP level 5. HP: 45/45 MP: 6/6
  1274 | D:4      | Noticed Grinder
  1276 | D:4      | Paralysed by Grinder for 3 turns
  1284 | D:4      | Killed Grinder
  1285 | D:4      | Reached XP level 6. HP: 36/51 MP: 7/7
  1320 | D:4      | Reached XP level 7. HP: 52/57 MP: 8/8
  1339 | D:4      | Noticed Pikel
  1438 | D:4      | Noticed Sigmund
  1540 | D:4      | Found a transporter.
  1606 | D:4      | Found a transporter.
  1618 | D:4      | Noticed themarg's ghost (novice OpVM)
  1642 | D:4      | Identified the +0 spear of Ravage {chaos, Str-4 Int+4}
  1759 | D:4      | Killed Pikel
  1760 | D:4      | Reached skill level 10 in Long Blades
  1760 | D:4      | Reached XP level 8. HP: 66/66 MP: 9/9
  1803 | D:4      | Killed Sigmund
  1804 | D:4      | Reached skill level 4 in Fighting
  1905 | D:4      | Reached skill level 1 in Short Blades
  2149 | D:4      | Killed themarg's ghost
  2150 | D:4      | Reached skill level 5 in Short Blades
  2150 | D:4      | Gained mutation: You passively map the area around you.
                  | [Meteoran growth]
  2150 | D:4      | Reached XP level 9. HP: 9/73 MP: 10/10
  2152 | D:4      | HP: 5/109 [poisoned by themarg's ghost (sting)]
  2155 | D:4      | HP: 2/73 [poisoned by themarg's ghost (sting)]
  2228 | D:5      | Entered Level 5 of the Dungeon
  2242 | D:5      | Found a sacrificial altar of Ru.
  2380 | D:5      | Found a stormy altar of Qazlal.
  2446 | D:5      | Found a snail-covered altar of Cheibriados.
  2661 | D:5      | Found a broken altar of Ashenzari.
  2955 | D:6      | Reached skill level 5 in Fighting
  3065 | D:6      | Reached skill level 6 in Fighting
  3268 | D:6      | Found a staircase to the Ecumenical Temple.
  3396 | Temple   | Entered the Ecumenical Temple
  3663 | Temple   | Became a worshipper of Kikubaaqudgha
  3730 | D:6      | Reached XP level 10. HP: 76/83 MP: 11/11
  3790 | D:6      | Found a shadowy altar of Dithmenos.
  3873 | D:7      | Reached skill level 7 in Fighting
  4010 | D:7      | Reached skill level 1 in Necromancy
  4082 | D:7      | Reached skill level 5 in Necromancy
  4312 | D:7      | Found a white marble altar of Elyvilon.
  4470 | D:7      | Reached * piety under Kikubaaqudgha
  4470 | D:7      | Received a gift from Kikubaaqudgha
  4557 | D:7      | Glimpsed the power of Zot.
  4899 | D:8      | Reached skill level 10 in Necromancy
  5045 | D:8      | Found an opulent altar of Gozag.
  5117 | D:8      | Paralysed by a hornet for 2 turns
  5169 | D:8      | Paralysed by a hornet for 2 turns
  5182 | D:9      | Found Verex's One-of-a-Kind Rings.
  5260 | D:9      | Learned a level 4 spell: Animate Dead
  5262 | D:9      | Learned a level 1 spell: Necrotise
  5297 | D:9      | Reached XP level 11. HP: 92/92 MP: 4/12
  5367 | D:9      | Reached ** piety under Kikubaaqudgha
  5403 | D:9      | Identified the +4 ring mail "Ataos" {Fly rPois rF- Int+4}
  5573 | D:9      | Found a staircase to the Lair.
  5582 | Lair:1   | Entered Level 1 of the Lair of Beasts
  5608 | Lair:2   | Noticed a black mamba
  5630 | Lair:1   | Killed a black mamba
  5631 | Lair:1   | Reached skill level 1 in Dodging
  5737 | Lair:1   | Reached skill level 8 in Fighting
  5771 | Lair:2   | Identified the +7 sling of Butchery {heavy, rElec Str+4}
  5913 | Lair:2   | Reached skill level 9 in Fighting
  5913 | Lair:2   | Reached skill level 5 in Dodging
  5988 | Lair:3   | Found the +0 pair of fencer's gloves {Riposte Dex+3}
  6016 | Lair:3   | Found a staircase to the Shoals.
  6016 | Lair:3   | Noticed a harpy
  6016 | Lair:3   | Noticed a harpy
  6036 | Lair:3   | Killed a harpy
  6037 | Lair:3   | Reached XP level 12. HP: 40/105 MP: 10/13
  6040 | Lair:3   | Killed a harpy
  6222 | Lair:3   | Noticed an eight-headed hydra
  6227 | Lair:3   | Killed an eight-headed hydra
  6228 | Lair:3   | Reached skill level 5 in Armour
  6251 | Lair:3   | Noticed Rupert
  6330 | Lair:3   | Reached skill level 10 in Fighting
  6346 | Lair:4   | Identified the +1 glaive of Mana {venom, Contam rF++ SInv}
  6348 | Lair:4   | Noticed a death yak
  6349 | Lair:4   | Noticed a death yak
  6377 | Lair:4   | Noticed Urug
  6430 | Lair:4   | Reached *** piety under Kikubaaqudgha
  6430 | Lair:4   | Received a gift from Kikubaaqudgha
  6514 | Lair:3   | Learned a level 4 spell: Dispel Undead
  6517 | Lair:3   | Learned a level 2 spell: Cigotuvi's Dreadful Rot
  6616 | Lair:5   | Entered Level 5 of the Lair of Beasts
  6758 | Lair:5   | Noticed a skyshark
  6782 | Lair:5   | Killed a skyshark
  6824 | Lair:4   | Reached skill level 11 in Fighting
  6844 | Lair:4   | Killed Urug
  6845 | Lair:4   | Reached XP level 13. HP: 22/116 MP: 14/14
  6850 | Lair:4   | Killed a death yak
  6870 | Lair:5   | Noticed a five-headed hydra
  6871 | Lair:5   | Noticed a six-headed hydra
  7012 | Lair:5   | Reached **** piety under Kikubaaqudgha
  7018 | Lair:5   | Reached skill level 10 in Dodging
  7023 | Lair:4   | HP: 5/116 [poisoned by a cane toad]
  7049 | Lair:4   | Found a viscous altar of Jiyva.
  7050 | Lair:4   | Found a staircase to the Slime Pits.
  7086 | Lair:5   | Noticed a boulder beetle
  7092 | Lair:5   | Killed a boulder beetle
  7127 | Lair:5   | Killed a five-headed hydra
  7128 | Lair:5   | Reached skill level 10 in Armour
  7211 | Lair:5   | Found a runed translucent door.
  7219 | Lair:5   | Noticed a fire dragon
  7224 | Lair:5   | Killed a fire dragon
  7405 | Lair:5   | Reached ***** piety under Kikubaaqudgha
  7411 | Lair:5   | Reached XP level 14. HP: 124/124 MP: 15/15
  8003 | Lair:5   | Identified a scroll of acquirement
  8003 | Lair:5   | Acquired 453 gold pieces
  8158 | Shoals:1 | Entered Level 1 of the Shoals
  8172 | Shoals:1 | Noticed a merfolk impaler
  8500 | D:10     | Entered Level 10 of the Dungeon
  8593 | D:10     | Noticed Snorg
  8601 | D:10     | Killed Snorg
  8626 | D:10     | Noticed Lodul
  8632 | D:10     | Killed Lodul
  8635 | D:10     | Reached ****** piety under Kikubaaqudgha
  8657 | D:10     | Identified a +3 double sword of pain (a +1 heavy double
                  | sword bloodied by Kikubaaqudgha)
  8657 | D:10     | Received a gift from Kikubaaqudgha
  8713 | D:10     | Found a glowing golden altar of the Shining One.
  8727 | D:10     | Found Zezogosh's Armour Shoppe.
  8727 | D:10     | Found Osidefut's Book Shoppe.
  8731 | D:10     | Found Vodaare's Book Shoppe.
  8731 | D:10     | Found Wirusamu's Distillery.
  8747 | D:10     | Bought a manual of Fighting for 1040 gold pieces
  8998 | D:11     | Found a glowing silver altar of Zin.
  9172 | D:11     | Reached XP level 15. HP: 113/130 MP: 16/16
  9357 | D:11     | Reached skill level 1 in Spellcasting
  9515 | D:12     | Noticed Gastronok
  9518 | D:12     | Noticed Kirke
  9525 | D:12     | Killed Gastronok
  9543 | D:12     | Killed Kirke
  9813 | D:12     | Reached skill level 12 in Fighting
  9816 | D:12     | Found a portal to a secret trove of treasure.
  9860 | D:12     | Noticed Sonja
  9870 | D:12     | Killed Sonja
  9945 | D:12     | Noticed Jorgrun
  9959 | D:12     | Killed Jorgrun
  9977 | D:12     | Learned a level 6 spell: Death Channel
 10097 | D:12     | Found a hide-covered altar of Uskayaw.
 10758 | Shoals:1 | Reached skill level 13 in Fighting
 10847 | Shoals:4 | Entered Level 4 of the Shoals
 10911 | Shoals:3 | Found a frozen archway.
 10927 | IceCv    | Entered an ice cave
 11021 | IceCv    | Reached skill level 14 in Fighting
 11030 | IceCv    | Reached skill level 15 in Long Blades
 11034 | IceCv    | Reached XP level 16. HP: 133/146 MP: 23/23
 11100 | IceCv    | Reached skill level 5 in Shields
 11182 | IceCv    | Reached skill level 15 in Fighting
 11218 | IceCv    | Noticed a frost giant
 11218 | IceCv    | Noticed a frost giant
 11230 | IceCv    | Killed a frost giant
 11240 | IceCv    | Killed a frost giant
 11251 | IceCv    | Identified the +2 pair of boots of a bailey {Str+4 Dex+3}
 11288 | IceCv    | Upgraded the game from 0.30-a0-778-g2ef04afb54 to
                  | 0.30-a0-830-gfe289a77b0
 11354 | Shoals:3 | Noticed a kraken
 11371 | Shoals:3 | Killed a kraken
 11404 | Shoals:3 | Reached skill level 16 in Fighting
 11449 | Shoals:3 | Hit by a javelin thrown by a merfolk javelineer

Illustrated notes

Levels and vault maps discovered:
D:1:      eino_arrival_water_cross, layout_basic
D:2:      layout_loops_ring, serial_aquarium, aquarium_bridge_square
          [aquarium_subvault_wall, aquarium_subvault_bridge,
          aquarium_subvault_bridge, aquarium_subvault_window],
          aquarium_window_fake, aquarium_window_2, aquarium_window_fake,
          aquarium_window_corner, aquarium_view_2c, aquarium_balcony_5b,
          minmay_hexomino_u4
D:3:      layout_basic, serial_shops, nicolae_shop_bloodbath_and_beyond,
          chequers_serial_rivers_micro_c
D:4:      minmay_clustersquares, layout_rooms, gammafunk_ghost_gnarly_gnolls,
          feat_on_display, uniq_pikel, uniq_sigmund, uniq_grinder
D:5:      layout_loops_ring, nicolae_qazlal_style_of_elements,
          nicolae_ashenzari_skybound, nicolae_ru_path_of_blood, slow_altar_1
D:6:      layout_loops_ring, mainiacjoe_overflow_cross_hatched,
          minmay_temple_entry_enclosed_plants
D:7:      hellmonk_ruined_rings, layout_basic, elyvilon_altar_4
D:8:      layout_loops_ring, nicolae_gozag_cash_rules_everything_around_me,
          ebering_ghost_rock_garden, nzn_random_ring
D:9:      layout_basic, erik_lair_dragon, nicolae_shop_unique_rings
D:10:     layout_loops_ring, tso_oasis_becter, orc_0_dummy,
          minmay_shop_grid_forest, uniq_lodul, uniq_snorg
D:11:     layout_basic, zin_academy
D:12:     layout_loops_corners, enter_trove_5, nicolae_uskayaw_en_pointe,
          uniq_jorgrun, uniq_kirke, uniq_gastronok, uniq_sonja
D:13:     layout_gridville, uniq_azrael, uniq_erolcha, uniq_maurice
D:14:     layout_loops_cross, grunt_vaults_entry_tiered,
          nicolae_wu_jian_immortal_techniques, uniq_louise, uniq_roxanne
Temple:   minmay_temple_curvy_branch
Lair:1:   layout_regular_city, uniq_amaemon
Lair:2:   layout_cave_pods, spider_nest_entry_rubble, enter_volcano_1,
          grunt_megastairs_3, infiniplex_staircase_pool
Lair:3:   layout_loops_ring, nicolae_shoals_entry_roost, uniq_rupert
Lair:4:   layout_gridlike, minmay_slime_entry_oklob_open,
          chequers_serial_rivers_large_a, hangedman_lair_unloving_vines,
          lemuel_fruit_fields, uniq_urug
Lair:5:   hangedman_lair_caniforms_friends, layout_gridlike, wormcave
Shoals:1: layout_shoals, nicolae_shoals_goliath_grotto, uniq_mlioglotl
Shoals:2: layout_shoals, serial_shops, shop, nicolae_splish_splash
Shoals:3: nicolae_shoals_lighthouse, layout_shoals, serial_shops,
          nicolae_shop_stone, portal_ice_cave_entry_ice_statue_one,
          nicolae_shoals_water_booths
Shoals:4: shoals_end_hangedman, layout_shoals, serial_shops, shop

Skill      XL: |  1  2  3  4  5  6  7  8  9 10 11 12 13 14 15 16 |
---------------+-------------------------------------------------+-----
Long Blades    | 3 4 5 7 8 10 11 15 | 15.1
Evocations     | 2 3 |  3.0
Fighting       | 4 6 7 9 11 14 16 | 16.2
Short Blades   | 5 8 |  8.0
Necromancy     | 11 14 | 14.3
Dodging        | 5 8 12 14 | 14.1
Armour         | 4 7 11 13 | 13.6
Spellcasting   | 4 |  4.0
Shields        | 9 |  9.2

Action                     |  1- 3 |  4- 6 |  7- 9 | 10-12 | 13-15 | 16-18 || total
---------------------------+-------+-------+-------+-------+-------+-------++-------
  Melee: Long sword        |    57 |    62 |    45 |       |       |       ||   164
         Dagger            |       |       |   165 |     5 |       |       ||   170
         Unarmed           |       |       |     1 |       |     3 |       ||     4
         Short sword       |       |       |   130 |   833 |       |       ||   963
         Double sword      |       |       |       |       |   533 |   115 ||   648
   Cast: Necrotise         |       |       |       |    59 |    14 |       ||    73
         Animate Dead      |       |       |       |    13 |    14 |     3 ||    30
         Death Channel     |       |       |       |       |     4 |     6 ||    10
 Invoke: Brand Weapon With |       |       |       |       |     1 |       ||     1
         Unearth Wretches  |       |       |       |       |       |     1 ||     1
  Evoke: Wand              |       |       |     7 |    21 |     9 |       ||    37
         Box of beasts     |       |       |       |     2 |       |       ||     2
    Use: Scroll            |       |     1 |    13 |    15 |    10 |       ||    39
         Potion            |       |     1 |     3 |     6 |     1 |       ||    11
   Stab: Paralysed         |       |       |       |     6 |     3 |     2 ||    11
         Distracted        |       |       |       |     2 |     7 |     2 ||    11
 Armour: Scale mail        |    31 |    20 |   104 |   277 |    31 |       ||   463
         Fire dragon scale |       |       |       |       |    83 |       ||    83
         Leather armour    |       |       |       |       |    90 |    40 ||   130
  Dodge: Dodged            |    21 |    15 |    96 |   307 |   575 |   143 ||  1157
  Block: Buckler           |    13 |     8 |    70 |   198 |   180 |    13 ||   482
         Kite shield       |       |       |       |       |       |    76 ||    76
Riposte: Short sword       |       |       |       |    81 |       |       ||    81
         Double sword      |       |       |       |       |   188 |    43 ||   231

Table legend: (Time is in decaauts)
 A = Elapsed time spent in this place.
 B = Non-inter-level travel time spent in this place.
 C = Inter-level travel time spent in this place.
 D = Time resting spent in this place.
 E = Time spent auto-exploring this place.
 F = Levels seen in this place.
 G = Mean time per level.
                   A        B        C        D        E       F      G
               +--------+--------+--------+--------+--------+-----+--------+
         Total |  11131 |  10156 |    975 |      0 |   5835 |  25 |  445.2 |
       Dungeon |   7436 |   6774 |    662 |      0 |   4652 |  14 |  531.1 |
        Temple |    289 |    246 |     43 |      0 |    244 |   1 |  289.0 |
          Lair |   2693 |   2435 |    258 |      0 |    892 |   5 |  538.6 |
        Shoals |    353 |    343 |     10 |      0 |     17 |   4 |   88.2 |
      Ice Cave |    358 |    358 |      0 |      0 |     29 |   1 |  358.0 |
               +--------+--------+--------+--------+--------+-----+--------+

Top non-repeatable levels by time:
  Lair:5: 1192 daAuts
    D:12: 879 daAuts
     D:7: 820 daAuts
     D:4: 797 daAuts
     D:3: 759 daAuts
     D:9: 677 daAuts
     D:6: 673 daAuts
  Lair:4: 576 daAuts
    D:10: 535 daAuts
     D:5: 520 daAuts
    D:11: 518 daAuts
  Lair:3: 453 daAuts
     D:8: 395 daAuts
     D:1: 375 daAuts
   IceCv: 358 daAuts
